Map: 터보 크루즈 '84 - 래더

Players

llllllllllll (Trap)

  • Race: Protoss Protoss
  • League: Master
  • Spawn Location: 7:00

Zest - Winner!

  • Race: Protoss Protoss
  • League: Master
  • Spawn Location: 3:00

VOD

Have the link to the VOD?

Description

Time

  • Played on: Aug. 8, 2019, 9:49 a.m.
  • Length: 10:38
Show
View Real Time Build Order
Export as new Build Order

llllllllllll Protoss 

Build Orders:  

Get SALT Encoding   

  12  0:00  Probe  
  13  0:12  Probe  
  14  0:19  Pylon  
  14  0:24  Probe  
  15  0:33  Probe  
  15  0:38  Gateway  
  15  0:41  Probe  
  17  0:51  Probe  
  17  0:54  Assimilator  
  18  0:57  Assimilator  
  18  1:00  Probe  
  19  1:08  Probe, Gateway  
  19  1:17  Probe  
  20  1:25  Cybernetics Core  
  21  1:29  Probe  
  22  1:34  Pylon  
  22  1:41  Probe  
  23  1:53  Probe  
  24  2:01  Stalker x2  
  24  2:02  Warp Gate  
  28  2:14  Pylon  
  28  2:23  Pylon  
  28  2:32  Robotics Facility  
  28  2:35  Stalker  
  30  2:42  Stalker  
  32  3:01  Gateway  
  32  3:11  Sentry, Immortal  
  34  3:13  Pylon  
  36  3:40  Warp Prism  
  36  3:41  Pylon  
  36  3:52  Sentry, Adept  
  42  4:07  Immortal  
  44  4:26  Adept  
  44  4:29  Shield Battery  
  46  4:46  Immortal  
  45  5:19  Stalker x2, Stargate  
  45  5:20  Stalker  
  51  5:25  Observer  
  52  5:31  Pylon  
  50  5:43  Pylon  
  50  5:54  Phoenix  
  50  6:12  Phoenix  
  52  6:32  Nexus  
  52  6:33  Phoenix  
  54  6:49  Probe  
  53  6:57  Phoenix  
  55  7:02  Pylon  
  55  7:11  Observer  
  56  7:18  Probe  
  57  7:22  Phoenix  
  57  7:23  Immortal  
  59  7:32  Probe  
  64  7:44  Probe x2  
  64  7:50  Phoenix  
  68  7:56  Probe  
  69  7:59  Probe  
  70  8:07  Probe  
  70  8:09  Probe  
  72  8:15  Probe, Phoenix  
  75  8:21  Probe  
  75  8:23  Pylon  
  75  8:25  Probe  
  76  8:33  Probe  
  78  8:37  Assimilator  
  78  8:38  Probe  
  79  8:41  Assimilator  
  79  8:45  Probe  
  79  8:47  Robotics Bay  
  80  8:49  Shield Battery  
  80  8:50  Sentry  
  80  8:55  Shield Battery  
  82  9:02  Immortal  
  82  9:04  Gateway  
  86  9:20  Shield Battery  
  86  9:23  Shield Battery  
  86  9:32  Sentry  
  86  9:33  Adept x2  
  86  9:34  Disruptor  
  94  9:58  Sentry, Adept  
  94  9:59  Adept x2  
  90  10:01  Disruptor  
  39  10:22  Adept x4  
Show
View Real Time Build Order
Export as new Build Order

Zest Protoss - Winner!

Build Orders:  

Get SALT Encoding   

  12  0:00  Probe  
  13  0:12  Probe  
  14  0:17  Pylon  
  14  0:24  Probe  
  15  0:32  Probe  
  15  0:37  Gateway  
  15  0:40  Probe  
  16  0:47  Assimilator  
  17  0:51  Probe  
  17  0:55  Assimilator  
  18  1:00  Probe  
  19  1:08  Probe, Gateway  
  19  1:17  Probe  
  20  1:24  Cybernetics Core  
  21  1:29  Probe  
  22  1:34  Pylon  
  22  1:41  Probe  
  23  1:53  Probe  
  24  2:00  Stalker x2  
  28  2:02  Warp Gate  
  28  2:13  Robotics Facility  
  28  2:21  Pylon  
  28  2:34  Stalker  
  30  2:38  Stalker  
  32  2:51  Immortal  
  32  3:05  Pylon  
  36  3:20  Warp Prism  
  36  3:36  Gateway  
  36  3:39  Probe  
  37  3:51  Probe  
  37  3:53  Immortal  
  38  4:00  Sentry x2  
  46  4:04  Pylon  
  46  4:21  Stargate  
  46  4:26  Observer  
  46  4:36  Pylon  
  47  4:40  Zealot x3  
  53  5:00  Probe  
  53  5:05  Phoenix  
  56  5:21  Observer  
  56  5:30  Phoenix  
  58  5:41  Pylon  
  58  5:57  Nexus  
  58  5:58  Pylon, Phoenix  
  60  6:14  Phoenix  
  62  6:32  Pylon, Probe  
  63  6:35  Pylon  
  63  6:44  Probe  
  64  6:56  Probe  
  64  6:58  Phoenix  
  64  7:00  Twilight Council  
  65  7:05  Stalker x3  
  73  7:15  Probe x2  
  73  7:20  Phoenix  
  75  7:29  Probe x2  
  79  7:36  Charge  
  79  7:38  Phoenix  
  79  7:41  Probe x2  
  79  7:42  Assimilator  
  81  7:48  Shield Battery  
  83  7:53  Probe  
  83  7:57  Phoenix, Probe  
  85  8:03  Assimilator  
  87  8:05  Probe  
  87  8:09  Probe  
  87  8:11  Shield Battery  
  89  8:14  Phoenix  
  91  8:33  Pylon  
  91  8:34  Gateway  
  91  8:35  Gateway  
  91  8:37  Templar Archives  
  91  8:43  Phoenix  
  93  8:49  Gateway  
  93  9:02  Zealot x3  
  99  9:04  Phoenix  
  99  9:07  Pylon  
  101  9:32  High Templar x2, Zealot x3  
  101  9:35  Pylon  
  101  9:36  Archon  
  111  9:44  Zealot  
  109  9:54  Zealot x3  
  87  10:08  Zealot x3  
  87  10:18  Zealot x3  
  81  10:34  High Templar  
  79  10:35  High Templar  
  79  10:36  Zealot  
Tags
 
Matchup
PvP
Player
TrapZest
Replay Pack
GBL
Spawn Locations
Cross Positions
Add a new tag
Caveats
  • Supply blocks, unpowered buildings, or Contaminate may cause inaccurate times.
  • Supply counts are checked every 10 seconds.